 Dungeon Crawl Stone Soup version 0.29-a0-577-gafbf2c5d25 (webtiles) character file.

Game seed: 13701802886792223600

36 tilp the Grave Robber (level 3, -2/27 HPs)
             Began as a Mummy Necromancer on June 13, 2022.
             Slain by an ogre
             ... wielding a +0 giant club
              (29 damage)
             ... on level 3 of the Dungeon.
             The game lasted 00:02:23 (1989 turns).

tilp the Grave Robber (Mummy Necromancer)           Turns: 1989, Time: 00:02:23

Health: -2/27      AC:  2    Str: 11    XL:     3   Next: 19%
Magic:  1/7        EV: 12    Int: 16    God:
Gold:   45         SH:  0    Dex: 12    Spells: 4/8 levels left

rFire   x . .      SeeInvis .   a - +0 war axe (elec)
rCold   + . .      Faith    .   (no shield)
rNeg    + + +      Spirit   .   d - +0 robe
rPois   ∞          Reflect  .   (no helmet)
rElec   .          Harm     .   (no cloak)
rCorr   .          Rampage  .   (no gloves)
Will    .....                   (no boots)
Stlth   ++........              (no amulet)
HPRegen 0.09/turn               (no ring)
MPRegen 0.10/turn               (no ring)

@: no status effects
A: cold resistance 1, negative energy resistance 3, torment resistance 2, heat
vulnerability 1, in touch with death 1, no potions
a: no special abilities


You were on level 3 of the Dungeon.
You visited 1 branch of the dungeon, and saw 3 of its levels.

You collected 45 gold pieces.

Inventory:

Hand Weapons
 a - a +0 war axe of electrocution (weapon)
 b - a +0 spear
Missiles
 c - 81 stones
 g - 7 poisoned darts (quivered)
Armour
 d - a +0 robe (worn)
Jewellery
 i - the amulet of Creativity {Reflect Fragile rN+ Int-3 Dex+4 SH+5}
   (You found it on level 2 of the Dungeon)

   [amulet of reflection]

   It reflects blocked missile attacks.
   Int:       It affects your intelligence (-3).
   Dex:       It affects your dexterity (+4).
   rN:        It protects you from negative energy.
   Fragile:   It will be destroyed if unequipped.
   SH:        It affects your SH (+5).
Wands
 f - a wand of paralysis (6)
Scrolls
 e - a scroll of blinking
 h - a scroll of teleportation
 j - a scroll of enchant armour {unknown}


   Skills:
 * Level 1.9 Fighting
 - Level 2.0 Dodging
 - Level 2.0 Stealth
 - Level 3.0 Spellcasting
 - Level 4.0 Necromancy


You had 4 spell levels left.
You knew the following spells:

 Your Spells              Type           Power      Damage    Failure   Level
a - Necrotize             Necr           88%        1d8       3%          1
b - Vampiric Draining     Necr           22%        2d7       11%         3

Your spell library contained the following spells:

 Spells                   Type           Power      Damage    Failure   Level
 Sandblast                Erth           4%         2d4       19%         1
 Passwall                 Tmut/Erth      1%         N/A       28%         2
 Animate Dead             Necr           22%        N/A       34%         4
 Stone Arrow              Conj/Erth      4%         3d7       50%         3
 Agony                    Necr           22%        N/A       69%         5


Dungeon Overview and Level Annotations

Branches:
Dungeon (3/15)

Altars:


Innate Abilities, Weirdness & Mutations

You are immune to poison.
Your flesh is cold resistant. (rC+)
You are immune to negative energy. (rN+++)
You are immune to unholy pain and torment.
You are vulnerable to heat. (rF-)
You are in touch with the powers of death.
You do not drink.


Message History

j - a scroll labelled ERETSY GERR
Casting: Necrotize (safe; 3% risk of failure)
Confirm with . or Enter, or press ? or * to list all spells.
You can't see any susceptible monsters within range! (Use Z to cast anyway.)
Casting: Necrotize (safe; 3% risk of failure)
Confirm with . or Enter, or press ? or * to list all spells.
Aiming: Necrotize (safe; 3% risk of failure)
Press: ? - help, Shift-Dir - straight line, f - ogre
Aim: an ogre, wielding a +0 giant club (chance to affect: 81%)
You feel a surge of power!
The ogre writhes in agony!
Unknown command.
Casting: Necrotize (safe; 3% risk of failure)
Confirm with . or Enter, or press ? or * to list all spells.
Aiming: Necrotize (safe; 3% risk of failure)
Press: ? - help, Shift-Dir - straight line, f/p - ogre
Aim: an ogre, wielding a +0 giant club (moderately wounded, chance to affect: 81%)
You feel a surge of power!
The ogre barely resists.
Unknown command.
Casting: Necrotize (safe; 3% risk of failure)
Confirm with . or Enter, or press ? or * to list all spells.
Aiming: Necrotize (safe; 3% risk of failure)
Press: ? - help, Shift-Dir - straight line, f/p - ogre
Aim: an ogre, wielding a +0 giant club (moderately wounded, chance to affect: 81%)
You feel a surge of power!
The ogre barely resists.
Unknown command.
Casting: Necrotize (safe; 3% risk of failure)
Confirm with . or Enter, or press ? or * to list all spells.
The spell is quite dangerous to miscast (11% risk of failure)!
Continue anyway?
Okay, then.
Unknown command.
Casting: Vampiric Draining (quite dangerous; 11% risk of failure)
Confirm with . or Enter, or press ? or * to list all spells.
The spell is quite dangerous to miscast (11% risk of failure)!
Continue anyway?
Aiming: Vampiric Draining (quite dangerous; 11% risk of failure)
Press: ? - help, Shift-Dir - straight line, f/p - ogre
Aim: an ogre, wielding a +0 giant club (moderately wounded)
You feel a surge of power!
You draw life force from the ogre!
The ogre hits you with a +0 giant club!!
Ouch! That really hurt!
You die...

..# .. #.. .# ## #.#.
.. .#.# #.# #..#... .#
...#... #.#.#!.
...#.#.# #...
#.###.##... ##.#..
........# .#
#..##.###.###.##...# .
#...........@O..# ##.
##.###.###.###.## #..
#.. #.#.#... .. #.#
#.# #.#.#.### ...
#.###.# #.#.#.# ##.
#.#...####.#.#.#####.#
#.)..................#
#.##)##.######..######
.#######.#####..#


You could see an ogre.

Vanquished Creatures
  A dart slug (D:1)
  A worm (D:2)
  3 endoplasms (D:1)
  2 goblins
  3 jackals (D:1)
  2 quokkas
  6 ball pythons
  3 bats
  2 frilled lizards
  5 kobolds
  A rat (D:3)
29 creatures vanquished.

Vanquished Creatures (collateral kills)
  An endoplasm (D:2)
1 creature vanquished.

Grand Total: 30 creatures vanquished

Notes
Turn   | Place    | Note
-------+----------+-------------------------------------------
     0 | D:1      | tilp the Mummy Necromancer began the quest for the Orb.
     0 | D:1      | Reached XP level 1. HP: 13/13 MP: 4/4
   105 | D:1      | Found a faded altar of an unknown god.
   257 | D:1      | Reached XP level 2. HP: 20/20 MP: 3/5
   289 | D:1      | Reached skill level 1 in Fighting
  1442 | D:2      | Gained mutation: You are in touch with the powers of death.
                  | [Mummy growth]
  1442 | D:2      | Reached XP level 3. HP: 26/26 MP: 5/7
  1696 | D:2      | Identified the amulet of Creativity {Reflect Fragile rN+
                  | Int-3 Dex+4 SH+5}
  1705 | D:2      | Learned a level 3 spell: Vampiric Draining
  1984 | D:3      | Noticed an ogre
  1989 | D:3      | Slain by an ogre

Illustrated notes

Levels and vault maps discovered:
D:1:      heliophobic_arrival_henge, layout_loops_ring, basic_ecumenical_altar
D:2:      layout_rooms, minmay_misc_feat_columns, roderic_serpentine_path
D:3:      layout_loops_ring, nicolae_concentric_dashed_squares_wild

Skill      XL: |  1  2  3 |
---------------+----------+-----
Fighting       | 1 |  1.9
Spellcasting   | 3 |  3.0
Stealth        | 2 |  2.0
Dodging        | 2 |  2.0
Necromancy     | |  4.0

Action                   || total
-------------------------++-------
Melee: Spear             ||    13
       War axe           ||    14
       Punch             ||     1
 Cast: Necrotize         ||    47
       Vampiric Draining ||     1
  Use: Scroll            ||     4
 Stab: Sleeping          ||     1
Armor: Robe              ||     5
Dodge: Dodged            ||    14

Table legend: (Time is in decaauts)
 A = Elapsed time spent in this place.
 B = Non-inter-level travel time spent in this place.
 C = Inter-level travel time spent in this place.
 D = Time resting spent in this place.
 E = Time spent auto-exploring this place.
 F = Levels seen in this place.
 G = Mean time per level.
                   A        B        C        D        E       F      G
               +--------+--------+--------+--------+--------+-----+--------+
         Total |   1996 |   1918 |     78 |     43 |   1671 |   3 |  665.3 |
       Dungeon |   1996 |   1918 |     78 |     43 |   1671 |   3 |  665.3 |
               +--------+--------+--------+--------+--------+-----+--------+

Top non-repeatable levels by time:
     D:1: 989 daAuts
     D:2: 741 daAuts
     D:3: 264 daAuts
